TOP OF THE 1ST |
Xavier Musketeers batting - Pitching for Seton Hall Pirates : LHP Greg Harris
|
Pitching: LHP Greg Harris
|
|
Batting: RHB Art Cornell
|
0-0: Ground out 6-3 (Groundball, 6)
|
Batting: RHB Florentino López
|
0-0: Called Strike 0-1: Ball 1-1: Ball 2-1: Called Strike 2-2: Foul Ball, location: 2F 2-2: Ball 3-2: Strikes out swinging
|
Batting: LHB Freddy Torres
|
0-0: Ball 1-0: SINGLE (Groundball, 4MD)
|
Batting: RHB Jeff Lawrence
|
0-0: Foul Ball, location: 2F 0-1: Ball 1-1: 2-RUN HOME RUN (Flyball, 89XD), Distance : 377 ft
|
Batting: LHB Luis Martínez
|
0-0: Called Strike 0-1: Ball 1-1: Foul Ball, location: 2F 1-2: SINGLE (Line Drive, 34D)
|
Batting: LHB Pancho Robles
|
0-0: Ball Luis Martínez is caught stealing 2nd base
|
Top of the 1st over - 2 run(s), 3 hit(s), 0 error(s), 0 left on base; Xavier 2 - Seton Hall 0 |
BOTTOM OF THE 1ST |
Seton Hall Pirates batting - Pitching for Xavier Musketeers : LHP Jeffery Cleveland
|
Pitching: LHP Jeffery Cleveland
|
|
Batting: LHB Jerry Benjamin
|
0-0: Ball 1-0: SINGLE (Groundball, 4MD)
|
Batting: LHB Michael Graham
|
0-0: Called Strike 0-1: SINGLE (Flyball, 89M) Jerry Benjamin to second Runner from 2nd tries for 3rd, SAFE, throw made to third Michael Graham to second
|
Batting: SHB Carlton Moreno
|
0-0: Fly out, F9 (Flyball, 9LM) Runner from 3rd tags up, SCORES, no throw
|
Batting: RHB Charles Branigan
|
0-0: Ball Wild Pitch! Michael Graham to third 1-0: Ball 2-0: Foul Ball, location: 2F 2-1: Foul Ball, location: 2F 2-2: Ball 3-2: Strikes out looking
|
Batting: LHB Travis Jefferson
|
0-0: Called Strike 0-1: Ball 1-1: Fly out, F2 (Popup, 23)
|
Bottom of the 1st over - 1 run(s), 2 hit(s), 0 error(s), 1 left on base; Xavier 2 - Seton Hall 1 |
TOP OF THE 2ND |
Xavier Musketeers batting - Pitching for Seton Hall Pirates : LHP Greg Harris
|
Batting: LHB Pancho Robles
|
0-0: Ball 1-0: Ball 2-0: Foul Ball, location: 2F 2-1: Called Strike 2-2: Ball 3-2: Strikes out swinging
|
Batting: RHB Les Rupp
|
0-0: Called Strike 0-1: Swinging Strike 0-2: Foul Ball, location: 2F 0-2: Strikes out looking
|
Batting: RHB Bobby Doyle
|
0-0: Swinging Strike 0-1: Called Strike 0-2: Ball 1-2: Foul Ball, location: 2F 1-2: Ball 2-2: Foul Ball, location: 2F 2-2: Foul Ball, location: 2F 2-2: Ground out 4-3 (Groundball, 4)
|
Top of the 2nd over - 0 run(s), 0 hit(s), 0 error(s), 0 left on base; Xavier 2 - Seton Hall 1 |
BOTTOM OF THE 2ND |
Seton Hall Pirates batting - Pitching for Xavier Musketeers : LHP Jeffery Cleveland
|
Batting: RHB Mark Morris
|
0-0: Ball 1-0: Ball 2-0: Ball 3-0: Called Strike 3-1: Called Strike 3-2: Base on Balls
|
Batting: LHB Joe Rutherford
|
0-0: Fielders Choice at 2nd, 3-6 (Groundball, 3)
|
Batting: RHB Tim Torres
|
0-0: Called Strike Joe Rutherford steals 2nd base 0-1: Ground out 6-3 (Groundball, 6)
|
Batting: RHB Ken Horn
|
0-0: Swinging Strike 0-1: Swinging Strike 0-2: Ball 1-2: Foul Ball, location: 2F 1-2: Fly out, F9 (Flyball, 9)
|
Bottom of the 2nd over - 0 run(s), 0 hit(s), 0 error(s), 1 left on base; Xavier 2 - Seton Hall 1 |
TOP OF THE 3RD |
Xavier Musketeers batting - Pitching for Seton Hall Pirates : LHP Greg Harris
|
Batting: LHB Bobby Meegan
|
0-0: Ball 1-0: Ball 2-0: Ball 3-0: Base on Balls
|
Batting: RHB Art Cornell
|
0-0: Foul Ball, location: 2F 0-1: Ball 1-1: Ball 2-1: Swinging Strike 2-2: SINGLE (Groundball, 4MD) Bobby Meegan to second
|
Batting: RHB Florentino López
|
0-0: Ball 1-0: Foul Ball, location: 2F 1-1: Ball 2-1: Fly out, F8 (Flyball, 89M)
|
Batting: LHB Freddy Torres
|
0-0: Called Strike 0-1: Ball 1-1: Ball 2-1: Ball 3-1: Base on Balls Bobby Meegan to third Art Cornell to second
|
Batting: RHB Jeff Lawrence
|
0-0: Ball 1-0: Called Strike 1-1: Ball 2-1: Ball 3-1: Swinging Strike 3-2: Foul Ball, location: 2F 3-2: Foul Ball, location: 2F 3-2: Foul Ball, location: 2F 3-2: Fly out, F9 (Flyball, 9LSF) Runner from 3rd tags up, SCORES, no throw
|
Batting: LHB Luis Martínez
|
0-0: Called Strike 0-1: Swinging Strike 0-2: Foul Ball, location: 2F 0-2: Strikes out swinging
|
Top of the 3rd over - 1 run(s), 1 hit(s), 0 error(s), 2 left on base; Xavier 3 - Seton Hall 1 |
BOTTOM OF THE 3RD |
Seton Hall Pirates batting - Pitching for Xavier Musketeers : LHP Jeffery Cleveland
|
Batting: LHB Jerry Benjamin
|
0-0: Ball 1-0: Ball 2-0: Called Strike 2-1: Foul Ball, location: 2F 2-2: Strikes out looking
|
Batting: LHB Michael Graham
|
0-0: Ball 1-0: Ground out 6-3 (Groundball, 6)
|
Batting: SHB Carlton Moreno
|
0-0: Foul Ball, location: 2F 0-1: Foul Ball, location: 2F 0-2: Ball 1-2: Foul Ball, location: 2F 1-2: Ball 2-2: Ball 3-2: Fly out, F9 (Flyball, 9LMF)
|
Bottom of the 3rd over - 0 run(s), 0 hit(s), 0 error(s), 0 left on base; Xavier 3 - Seton Hall 1 |
TOP OF THE 4TH |
Xavier Musketeers batting - Pitching for Seton Hall Pirates : LHP Greg Harris
|
Batting: LHB Pancho Robles
|
0-0: Ball 1-0: Ground out 6-3 (Groundball, 6)
|
Batting: RHB Les Rupp
|
0-0: Ball 1-0: Ball 2-0: Foul Ball, location: 2F 2-1: SINGLE (Line Drive, 8LS)
|
Batting: RHB Bobby Doyle
|
0-0: Called Strike 0-1: SINGLE (Line Drive, 6M) Les Rupp to second
|
Batting: LHB Bobby Meegan
|
0-0: Called Strike 0-1: Foul Ball, location: 2F 0-2: Ball 1-2: Strikes out swinging
|
Batting: RHB Art Cornell
|
0-0: Swinging Strike 0-1: Ball 1-1: Fly out, F8 (Flyball, 78S)
|
Top of the 4th over - 0 run(s), 2 hit(s), 0 error(s), 2 left on base; Xavier 3 - Seton Hall 1 |
BOTTOM OF THE 4TH |
Seton Hall Pirates batting - Pitching for Xavier Musketeers : LHP Jeffery Cleveland
|
Batting: RHB Charles Branigan
|
0-0: Fly out, F9 (Flyball, 9LDF)
|
Batting: LHB Travis Jefferson
|
0-0: Ball 1-0: SOLO HOME RUN (Line Drive, 89XD), Distance : 379 ft
|
Batting: RHB Mark Morris
|
0-0: Hit by Pitch
|
Batting: LHB Joe Rutherford
|
0-0: Ball 1-0: Fly out, F8 (Flyball, 8RM)
|
Batting: RHB Tim Torres
|
0-0: Ball 1-0: Called Strike 1-1: Called Strike 1-2: Foul Ball, location: 2F 1-2: Ball 2-2: Ball 3-2: Strikes out swinging
|
Bottom of the 4th over - 1 run(s), 1 hit(s), 0 error(s), 1 left on base; Xavier 3 - Seton Hall 2 |
TOP OF THE 5TH |
Xavier Musketeers batting - Pitching for Seton Hall Pirates : LHP Greg Harris
|
Pitching: LHP Nathaniel Phillips
|
|
Batting: RHB Florentino López
|
0-0: Ball 1-0: Ball 2-0: Swinging Strike 2-1: Foul Ball, location: 2F 2-2: Reached on error, E5 (Groundball, 56)
|
Batting: LHB Freddy Torres
|
0-0: Called Strike 0-1: Ball 1-1: Swinging Strike 1-2: Ball 2-2: Foul Ball, location: 2F 2-2: Ball 3-2: Fly out, F9 (Flyball, 9S)
|
Batting: RHB Jeff Lawrence
|
0-0: Called Strike 0-1: Ball 1-1: Called Strike 1-2: Ball 2-2: Ball 3-2: Base on Balls Florentino López to second
|
Batting: LHB Luis Martínez
|
0-0: Called Strike 0-1: Swinging Strike 0-2: Ball 1-2: Reached on error, E3 (Groundball, 34) Florentino López to third Jeff Lawrence to second
|
Batting: LHB Pancho Robles
|
0-0: Ball 1-0: Foul Ball, location: 2F 1-1: SINGLE (Groundball, 4D) Florentino López scores Jeff Lawrence to third Luis Martínez to second Runner from 3rd tries for Home, SAFE, throw made home Luis Martínez to third Pancho Robles to second
|
Batting: RHB Les Rupp
|
0-0: Fly out, F7 (Flyball, 78M) Runner from 3rd tags up, SCORES, throw made
|
Pitching: RHP Chris Spence
|
|
Batting: RHB Bobby Doyle
|
0-0: Ball 1-0: Foul Ball, location: 2F 1-1: Foul Ball, location: 2F 1-2: Strikes out swinging
|
Top of the 5th over - 3 run(s), 1 hit(s), 2 error(s), 1 left on base; Xavier 6 - Seton Hall 2 |
BOTTOM OF THE 5TH |
Seton Hall Pirates batting - Pitching for Xavier Musketeers : LHP Jeffery Cleveland
|
Batting: RHB Ken Horn
|
0-0: Swinging Strike 0-1: Swinging Strike 0-2: Ball 1-2: Foul Ball, location: 2F 1-2: Ball 2-2: Strikes out swinging
|
Batting: LHB Jerry Benjamin
|
0-0: Ball 1-0: Ground out 6-3 (Groundball, 6D)
|
Batting: LHB Michael Graham
|
0-0: Ball 1-0: Called Strike 1-1: Foul Ball, location: 2F 1-2: Ball 2-2: Foul Ball, location: 2F 2-2: Strikes out looking
|
Bottom of the 5th over - 0 run(s), 0 hit(s), 0 error(s), 0 left on base; Xavier 6 - Seton Hall 2 |
TOP OF THE 6TH |
Xavier Musketeers batting - Pitching for Seton Hall Pirates : RHP Chris Spence
|
Batting: LHB Bobby Meegan
|
0-0: Foul Ball, location: 2F 0-1: Ball 1-1: Foul Ball, location: 2F 1-2: SINGLE (Line Drive, 9S)
|
Batting: RHB Art Cornell
|
0-0: Called Strike 0-1: Foul Ball, location: 2F 0-2: Fly out, F8 (Flyball, 8RM)
|
Batting: RHB Florentino López
|
0-0: Foul Ball, location: 2F 0-1: Foul Ball, location: 2F 0-2: Ball 1-2: Ball 2-2: Foul Ball, location: 2F 2-2: Ball 3-2: Foul Ball, location: 2F 3-2: Base on Balls Bobby Meegan to second
|
Batting: LHB Freddy Torres
|
0-0: Ball 1-0: Swinging Strike 1-1: Ball 2-1: Foul Ball, location: 2F 2-2: Grounds into double play, 3-6-3 (Groundball, 3)
|
Top of the 6th over - 0 run(s), 1 hit(s), 0 error(s), 1 left on base; Xavier 6 - Seton Hall 2 |
BOTTOM OF THE 6TH |
Seton Hall Pirates batting - Pitching for Xavier Musketeers : LHP Jeffery Cleveland
|
Batting: SHB Carlton Moreno
|
0-0: Ball 1-0: Ball 2-0: Called Strike 2-1: Swinging Strike 2-2: Fly out, F9 (Flyball, 9S)
|
Batting: RHB Charles Branigan
|
0-0: Ball 1-0: Ball 2-0: Ball 3-0: Called Strike 3-1: Fly out, F3 (Line Drive, 34)
|
Batting: LHB Travis Jefferson
|
0-0: Ball 1-0: Called Strike 1-1: Hit by Pitch
|
Pitching: RHP Luis Herrera
|
|
Batting: RHB Mark Morris
|
0-0: Ball Travis Jefferson steals 2nd base 1-0: Fly out, F3 (Line Drive, 3)
|
Bottom of the 6th over - 0 run(s), 0 hit(s), 0 error(s), 1 left on base; Xavier 6 - Seton Hall 2 |
TOP OF THE 7TH |
Xavier Musketeers batting - Pitching for Seton Hall Pirates : RHP Chris Spence
|
Batting: RHB Jeff Lawrence
|
0-0: Ball 1-0: Ball 2-0: SINGLE (Groundball, 6MD)
|
Batting: LHB Luis Martínez
|
0-0: Ball 1-0: Foul Ball, location: 2F 1-1: Ball 2-1: Called Strike 2-2: Strikes out swinging
|
Batting: LHB Pancho Robles
|
0-0: Called Strike 0-1: Swinging Strike 0-2: Strikes out swinging
|
Batting: RHB Les Rupp
|
0-0: Called Strike 0-1: Foul Ball, location: 2F 0-2: Ball 1-2: Ball 2-2: Foul Ball, location: 2F 2-2: Strikes out looking
|
Top of the 7th over - 0 run(s), 1 hit(s), 0 error(s), 1 left on base; Xavier 6 - Seton Hall 2 |
BOTTOM OF THE 7TH |
Seton Hall Pirates batting - Pitching for Xavier Musketeers : RHP Luis Herrera
|
Batting: LHB Joe Rutherford
|
0-0: Called Strike 0-1: Swinging Strike 0-2: Strikes out swinging
|
Batting: RHB Tim Torres
|
0-0: Ball 1-0: Swinging Strike 1-1: Ball 2-1: SINGLE (Groundball, 56D)
|
Batting: RHB Ken Horn
|
0-0: Fielders Choice at 2nd, 1-4 (Groundball, 15S)
|
Batting: LHB Jerry Benjamin
|
0-0: Foul Ball, location: 2F 0-1: Ground out 3-1 (Groundball, 34S)
|
Bottom of the 7th over - 0 run(s), 1 hit(s), 0 error(s), 1 left on base; Xavier 6 - Seton Hall 2 |
TOP OF THE 8TH |
Xavier Musketeers batting - Pitching for Seton Hall Pirates : RHP Chris Spence
|
Batting: RHB Bobby Doyle
|
0-0: Ball 1-0: Swinging Strike 1-1: Ball 2-1: Called Strike 2-2: Foul Ball, location: 2F 2-2: Strikes out swinging, 2-3 out at first.
|
Batting: LHB Bobby Meegan
|
0-0: Called Strike 0-1: Ball 1-1: Ball 2-1: Swinging Strike 2-2: Foul Ball, location: 2F 2-2: Ball 3-2: Strikes out swinging
|
Pitching: RHP Todd Adams
|
|
Batting: RHB Art Cornell
|
0-0: Foul Ball, location: 2F 0-1: SINGLE (Flyball, 89S)
|
Batting: RHB Florentino López
|
0-0: Ball 1-0: Ball 2-0: Called Strike Art Cornell is caught stealing 2nd base
|
Top of the 8th over - 0 run(s), 1 hit(s), 0 error(s), 0 left on base; Xavier 6 - Seton Hall 2 |
BOTTOM OF THE 8TH |
Seton Hall Pirates batting - Pitching for Xavier Musketeers : RHP Luis Herrera
|
Batting: LHB Michael Graham
|
0-0: Called Strike 0-1: Ball 1-1: Foul Ball, location: 2F 1-2: Ground out 4-3 (Groundball, 4)
|
Batting: SHB Carlton Moreno
|
0-0: Ball 1-0: Foul Ball, location: 2F 1-1: Ball 2-1: Ball 3-1: Base on Balls
|
Batting: RHB Charles Branigan
|
0-0: Ball 1-0: Swinging Strike 1-1: Swinging Strike 1-2: Foul Ball, location: 2F 1-2: Foul Ball, location: 2F 1-2: Foul Ball, location: 2F 1-2: Foul Ball, location: 2F 1-2: Ball 2-2: Strikes out swinging
|
Batting: LHB Travis Jefferson
|
0-0: Ball 1-0: Ball 2-0: Ball 3-0: Called Strike 3-1: SINGLE (Line Drive, 6MD) Carlton Moreno to second
|
Batting: RHB Mark Morris
|
0-0: Foul Ball, location: 2F 0-1: SINGLE (Line Drive, 9S) Carlton Moreno to third Travis Jefferson to second Runner from 3rd tries for Home, SAFE, no throw
|
Pitching: LHP Jon Tierney
|
|
Batting: LHB Joe Rutherford
|
0-0: Ball 1-0: Ball 2-0: Called Strike 2-1: Swinging Strike 2-2: Ball 3-2: Strikes out swinging
|
Bottom of the 8th over - 1 run(s), 2 hit(s), 0 error(s), 2 left on base; Xavier 6 - Seton Hall 3 |
TOP OF THE 9TH |
Xavier Musketeers batting - Pitching for Seton Hall Pirates : RHP Todd Adams
|
Batting: RHB Florentino López
|
0-0: Fly out, F6 (Popup, 6)
|
Batting: LHB Freddy Torres
|
0-0: Ball 1-0: Ball 2-0: Ball 3-0: Called Strike 3-1: Swinging Strike 3-2: Foul Ball, location: 2F 3-2: SOLO HOME RUN (Flyball, 89XD), Distance : 375 ft
|
Batting: RHB Jeff Lawrence
|
0-0: Ball 1-0: Foul Ball, location: 2F 1-1: Foul Ball, location: 2F 1-2: Ball 2-2: Ball 3-2: Strikes out looking
|
Batting: LHB Luis Martínez
|
0-0: Called Strike 0-1: Swinging Strike 0-2: Strikes out swinging
|
Top of the 9th over - 1 run(s), 1 hit(s), 0 error(s), 0 left on base; Xavier 7 - Seton Hall 3 |
BOTTOM OF THE 9TH |
Seton Hall Pirates batting - Pitching for Xavier Musketeers : LHP Jon Tierney
|
Batting: RHB Tim Torres
|
0-0: Ball 1-0: Called Strike 1-1: Called Strike 1-2: Ball 2-2: Foul Ball, location: 2F 2-2: Foul Ball, location: 2F 2-2: Strikes out swinging, 2-3 out at first.
|
Batting: RHB Ken Horn
|
0-0: Ball 1-0: Fly out, F6 (Popup, 6MS)
|
Batting: LHB Jerry Benjamin
|
0-0: Ball 1-0: SINGLE (Line Drive, 7S)
|
Batting: LHB Michael Graham
|
0-0: Ball 1-0: Ball 2-0: Ground out 5-3 (Groundball, 56S)
|
Bottom of the 9th over - 0 run(s), 1 hit(s), 0 error(s), 1 left on base; Xavier 7 - Seton Hall 3 |
|